[Event "Turkish Championship 2020"]
[Site "Kemer-Antalya"]
[Date "2020.11.19"]
[Round "7.1"]
[White "Eren, Ataberk"]
[Black "Atalik, Ekaterina"]
[Result "1/2-1/2"]
[ECO "D03"]
[WhiteElo "2321"]
[BlackElo "2450"]
[Annotator "ChessBase"]
[PlyCount "126"]
[EventDate "2020.11.13"]
[EventType "tourn"]
[EventCountry "TUR"]
[SourceTitle "playchess.com"]
[Source "ChessBase"]
[SourceQuality "1"]
[TimeControl "40/5400+30:1800+30"]

1. d4 Nf6 2. Nf3 g6 3. Bg5 Bg7 4. Nbd2 d5 5. e3 c5 6. c3 Qb6 7. Qb3 Nc6 8. Be2 c4 9. Qa3 O-O 10. b3 cxb3 11. axb3 h6 12. Bh4 g5 13. Bg3 Ne4 14. Nxe4 dxe4 15. Nd2 f5 16. b4 f4 17. exf4 gxf4 18. Bh4 f3 19. gxf3 exf3 20. Nxf3 Bg4 21. Qb3+ Kh8 22. Qd1 Rf4 23. Bg3 Re4 24. Ng1 Nxd4 25. cxd4 Rxd4 26. Qc1 Rc8 27. Qa3 Re4 28. Kf1 Rxe2 29. Nxe2 Bxe2+ 30. Kxe2 Qb5+ 31. Kd2 Rd8+ 32. Ke1 Rd3 33. Qa4 Bc3+ 34. Kf1 Rd1+ 35. Kg2 Qd5+ 36. f3 Rd2+ 37. Bf2 Qg5+ 38. Kf1 Rxf2+ 39. Kxf2 Qd2+ 40. Kf1 Qd3+ 41. Kg2 Qe2+ 42. Kg3 Be5+ 43. Kg4 h5+ 44. Kf5 e6+ 45. Kg6 Qd3+ 46. Kf7 Qf5+ 47. Ke7 Qf6+ 48. Kd7 Qf7+ 49. Kd8 Qc7+ 50. Ke8 Qb8+ 51. Kf7 Qg8+ 52. Ke7 Qg7+ 53. Kxe6 Qf6+ 54. Kd7 Qd6+ 55. Ke8 Qe6+ 56. Kd8 Qb6+ 57. Kd7 Qd6+ 58. Ke8 Qe6+ 59. Kd8 Bf6+ 60. Kc7 Be5+ 61. Kd8 Bf6+ 62. Kc7 Be5+ 63. Kd8 Bf6+ 1/2-1/2

[Event "Turkish Championship 2020"]
[Site "Kemer-Antalya"]
[Date "2020.11.19"]
[Round "7.2"]
[White "Gokerkan, Cem Kaan"]
[Black "Haznedaroglu, Kivanc"]
[Result "1-0"]
[ECO "B66"]
[WhiteElo "2461"]
[BlackElo "2437"]
[Annotator "ChessBase"]
[PlyCount "55"]
[EventDate "2020.11.13"]
[EventType "tourn"]
[EventCountry "TUR"]
[SourceTitle "playchess.com"]
[Source "ChessBase"]
[SourceQuality "1"]
[TimeControl "40/5400+30:1800+30"]

1. e4 c5 2. Nf3 d6 3. d4 cxd4 4. Nxd4 Nf6 5. Nc3 Nc6 6. Bg5 e6 7. Qd2 a6 8. O-O-O h6 9. Bf4 Bd7 10. Nxc6 Bxc6 11. Bc4 b5 12. Bb3 e5 13. Bg3 Be7 14. Qe2 Qb8 15. Bh4 g5 16. Bg3 a5 17. Bd5 Nxd5 18. Nxd5 b4 19. h4 a4 20. Qc4 Qb7 21. Nxe7 Kxe7 22. Bxe5 Rhd8 23. Bxd6+ Ke8 24. hxg5 Qb5 25. Qxb5 Bxb5 26. gxh6 f6 27. h7 Kf7 28. Bxb4 1-0

[Event "Turkish Championship 2020"]
[Site "Kemer-Antalya"]
[Date "2020.11.19"]
[Round "7.3"]
[White "Sevgi, Volkan"]
[Black "Yurtseven, Melih"]
[Result "0-1"]
[ECO "C07"]
[WhiteElo "2359"]
[BlackElo "2391"]
[Annotator "ChessBase"]
[PlyCount "298"]
[EventDate "2020.11.13"]
[EventType "tourn"]
[EventCountry "TUR"]
[SourceTitle "playchess.com"]
[Source "ChessBase"]
[SourceQuality "1"]
[TimeControl "40/5400+30:1800+30"]

1. e4 e6 2. d4 d5 3. Nd2 c5 4. Ngf3 cxd4 5. Nxd4 Nc6 6. Bb5 Bd7 7. Nxc6 Bxc6 8. Bxc6+ bxc6 9. c4 Nf6 10. Qa4 Qd7 11. e5 Ng8 12. O-O Ne7 13. Nf3 dxc4 14. Qxc4 Nd5 15. Be3 Nxe3 16. fxe3 Be7 17. Rad1 Qb7 18. Nd4 O-O 19. Qxc6 Rab8 20. Qxb7 Rxb7 21. b3 Ba3 22. Kf2 h6 23. Rd2 Rc8 24. Kf3 a5 25. Rff2 Rc5 26. Ke4 a4 27. Rc2 axb3 28. axb3 Rd5 29. Rc8+ Kh7 30. Rfc2 Rdd7 31. g4 Be7 32. Ra8 Kg6 33. Rc6 Kh7 34. Ra4 Rb8 35. Rcc4 Rbb7 36. b4 Rd5 37. Ra5 Rdd7 38. Nc6 Bh4 39. Rd4 Rdc7 40. Rc5 Rb6 41. Rdc4 Rcb7 42. Na5 Rb8 43. Nc6 R8b7 44. Kd3 Rd7+ 45. Rd4 Rc7 46. b5 Be7 47. Kc4 Bxc5 48. Kxc5 Rbb7 49. b6 Rc8 50. Kb5 Ra8 51. Na5 Re7 52. Rb4 Rd7 53. b7 Rd5+ 54. Kc4 Rdxa5 55. bxa8=Q Rxa8 56. Kd3 g5 57. Rb2 Ra4 58. Rf2 Kg6 59. h3 Rb4 60. Rf6+ Kg7 61. Rf3 Ra4 62. Rf2 h5 63. gxh5 Rh4 64. Rg2 Rxh5 65. h4 Kg6 66. hxg5 Rxg5 67. Ra2 Rxe5 68. Ra8 Rb5 69. Ke4 Kf6 70. Ra4 Rh5 71. Kf3 Rf5+ 72. Ke2 Kg5 73. Ra8 Rb5 74. Kf3 f6 75. Rg8+ Kf5 76. Ra8 e5 77. Ra4 Rc5 78. Rb4 Ra5 79. Rc4 Ra1 80. Kg3 Re1 81. Kf2 Rh1 82. Kg2 Rh8 83. Kg3 Re8 84. Ra4 Re7 85. Rb4 Rc7 86. Ra4 Rc6 87. Kf3 Rc1 88. Kg3 Rc3 89. Kf3 Rb3 90. Rc4 Rb6 91. Ra4 Ke6 92. Ra8 Rb4 93. Ra6+ Kf7 94. Ra7+ Kg6 95. Ra5 Kg5 96. Rc5 Rb1 97. Ra5 Rf1+ 98. Kg2 Rf5 99. Ra4 Kg6 100. Ra7 Rh5 101. Ra4 Rh8 102. Rb4 f5 103. Rb5 Kf6 104. Ra5 Rb8 105. Ra3 Kg5 106. Kg3 Rb2 107. Ra8 Rb3 108. Rg8+ Kf6 109. Kf2 Rb2+ 110. Kg3 Rb3 111. Kf2 Ke6 112. Rd8 Rb2+ 113. Kg3 Ra2 114. Rb8 Kd5 115. Rb4 Ra3 116. Kf2 Ra2+ 117. Kg3 Kc5 118. Rb8 Ra3 119. Kf2 Kc4 120. Rd8 Rd3 121. Rf8 Rd2+ 122. Ke1 Ra2 123. Rd8 Rb2 124. Rd7 Ra2 125. Rd8 Rh2 126. Rd7 Rh8 127. Ke2 Rh2+ 128. Ke1 Kc5 129. Rd8 Ra2 130. Kf1 Kc6 131. Ke1 Kc5 132. Kf1 Ra6 133. Ke2 Ra1 134. Kf2 Kc4 135. Ke2 Ra2+ 136. Ke1 e4 137. Rd7 Ra5 138. Ke2 Rd5 139. Rc7+ Kb5 140. Rc8 Rc5 141. Rd8 Kc6 142. Rd2 Rd5 143. Rxd5 Kxd5 144. Kd2 Kd6 145. Kc2 Kc6 146. Kb3 Kd5 147. Kc3 Ke5 148. Kd2 Kf6 149. Ke2 Ke5 0-1

[Event "Turkish Championship 2020"]
[Site "Kemer-Antalya"]
[Date "2020.11.19"]
[Round "7.4"]
[White "Tarlabasi, Emirhan"]
[Black "Sanal, Vahap"]
[Result "1/2-1/2"]
[ECO "E17"]
[WhiteElo "2275"]
[BlackElo "2557"]
[Annotator "ChessBase"]
[PlyCount "78"]
[EventDate "2020.11.13"]
[EventType "tourn"]
[EventCountry "TUR"]
[SourceTitle "playchess.com"]
[Source "ChessBase"]
[SourceQuality "1"]
[TimeControl "40/5400+30:1800+30"]

1. d4 Nf6 2. c4 e6 3. Nf3 b6 4. g3 Bb7 5. Bg2 Be7 6. O-O O-O 7. d5 Na6 8. Nc3 Bb4 9. Nh4 Bxc3 10. bxc3 Nc5 11. Ba3 Rb8 12. Bxc5 bxc5 13. Rb1 exd5 14. cxd5 Ba6 15. Qc2 Bc4 16. Rxb8 Qxb8 17. Rd1 Re8 18. e4 g6 19. Bf3 d6 20. Ng2 Qb5 21. Ne3 Qa6 22. Bg2 Rb8 23. Rd2 Qb5 24. f3 Qb1+ 25. Kf2 Qxc2 26. Rxc2 Bd3 27. Rd2 c4 28. Bf1 Rb1 29. Bxd3 cxd3 30. Nd1 Nd7 31. Rxd3 a5 32. Ke2 a4 33. c4 Nc5 34. Ra3 Rb4 35. Rc3 Kg7 36. Kd2 Nd7 37. a3 Rb8 38. Kc2 Nc5 39. Nb2 Kf6 1/2-1/2

[Event "Turkish Championship 2020"]
[Site "Kemer-Antalya"]
[Date "2020.11.19"]
[Round "7.5"]
[White "Firat, Burak"]
[Black "Ozen, Deniz"]
[Result "1-0"]
[ECO "D12"]
[WhiteElo "2474"]
[BlackElo "2412"]
[Annotator "ChessBase"]
[PlyCount "103"]
[EventDate "2020.11.13"]
[EventType "tourn"]
[EventCountry "TUR"]
[SourceTitle "playchess.com"]
[Source "ChessBase"]
[SourceQuality "1"]
[TimeControl "40/5400+30:1800+30"]

1. Nf3 d5 2. c4 c6 3. e3 Nf6 4. d4 Bf5 5. Nc3 e6 6. Nh4 Be4 7. f3 Bg6 8. Bd2 Nbd7 9. Nxg6 hxg6 10. Qc2 Nh5 11. Bd3 dxc4 12. Bxc4 Qh4+ 13. Ke2 O-O-O 14. Ne4 f5 15. Nf2 e5 16. Ba5 exd4 17. Bxd8 Qxd8 18. exd4 Bd6 19. Rad1 Bxh2 20. Kd2 Bf4+ 21. Kc3 c5 22. a3 b5 23. dxc5 bxc4 24. Qa4 Qc7 25. Qa6+ Kb8 26. Qb5+ Kc8 27. Qa6+ Kb8 28. Qb5+ Kc8 29. Kxc4 Ne5+ 30. Kb3 Qf7+ 31. Kc3 Be3 32. Nd3 Qf6 33. Nxe5 Qxe5+ 34. Kc2 f4 35. Qc6+ Kb8 36. Qb5+ Ka8 37. Qc6+ Kb8 38. Rd5 Qf6 39. Qxf6 gxf6 40. b4 Re8 41. Rd7 Re5 42. Rhd1 Bxc5 43. bxc5 Rxc5+ 44. Kb3 Rc7 45. R1d6 g5 46. Rxc7 Kxc7 47. Ra6 Kb7 48. Re6 Kc7 49. Kc4 Ng3 50. Rxf6 Nf1 51. Kd3 Ne3 52. g4 1-0

[Event "Turkish Championship 2020"]
[Site "Kemer-Antalya"]
[Date "2020.11.20"]
[Round "8.1"]
[White "Atalik, Ekaterina"]
[Black "Ozen, Deniz"]
[Result "1/2-1/2"]
[ECO "D94"]
[WhiteElo "2450"]
[BlackElo "2412"]
[Annotator "ChessBase"]
[PlyCount "100"]
[EventDate "2020.11.13"]
[EventType "tourn"]
[EventCountry "TUR"]
[SourceTitle "playchess.com"]
[Source "ChessBase"]
[SourceQuality "1"]
[TimeControl "40/5400+30:1800+30"]

1. Nf3 d5 2. e3 Nf6 3. c4 c6 4. Nc3 g6 5. d4 Bg7 6. Be2 O-O 7. O-O a6 8. a4 a5 9. cxd5 cxd5 10. Qb3 Nc6 11. Bd2 Rb8 12. Rfc1 Bg4 13. h3 Bxf3 14. Bxf3 e6 15. Be2 Re8 16. Bb5 e5 17. dxe5 Rxe5 18. Ne2 Ne4 19. Be1 Rc8 20. Rc2 Nb4 21. Rxc8 Qxc8 22. Rc1 Qf8 23. Rc7 Qb8 24. Rc1 Qf8 25. Nf4 Nc5 26. Qd1 Qd6 27. Bc3 b6 28. Bxe5 Bxe5 29. Qf3 Bxb2 30. Rd1 d4 31. exd4 Bxd4 32. g3 Qf6 33. Kg2 Be5 34. Nd5 Qe6 35. Ne3 Kg7 36. Ng4 h5 37. Nxe5 Qxe5 38. Rd2 f5 39. Qa8 h4 40. Rd8 hxg3 41. Qa7+ Kh6 42. Qb8 Qxb8 43. Rxb8 gxf2 44. Rxb6 Nd5 45. Rc6 Ne4 46. Ra6 Ne3+ 47. Kf3 f1=Q+ 48. Bxf1 Nxf1 49. Rxa5 Nfd2+ 50. Kf4 Nc3 1/2-1/2

[Event "Turkish Championship 2020"]
[Site "Kemer-Antalya"]
[Date "2020.11.20"]
[Round "8.2"]
[White "Sanal, Vahap"]
[Black "Firat, Burak"]
[Result "1-0"]
[ECO "A07"]
[WhiteElo "2557"]
[BlackElo "2474"]
[Annotator "ChessBase"]
[PlyCount "75"]
[EventDate "2020.11.13"]
[EventType "tourn"]
[EventCountry "TUR"]
[SourceTitle "playchess.com"]
[Source "ChessBase"]
[SourceQuality "1"]
[TimeControl "40/5400+30:1800+30"]

1. Nf3 Nf6 2. b3 d5 3. Bb2 Bf5 4. g3 e6 5. Bg2 h6 6. O-O Be7 7. d3 O-O 8. Nbd2 Bh7 9. Nh4 Nfd7 10. e4 Bf6 11. Bxf6 Nxf6 12. e5 Nfd7 13. f4 c5 14. c4 Bxd3 15. cxd5 exd5 16. Bxd5 Nc6 17. Bxc6 bxc6 18. Rf2 Nb6 19. Rc1 Qd5 20. Qg4 a5 21. a4 c4 22. bxc4 Qe6 23. f5 Qxe5 24. f6 g6 25. Ndf3 Qe4 26. Qh3 Rfe8 27. g4 Re6 28. Nf5 Rxf6 29. Nxh6+ Kg7 30. g5 Rf4 31. Qg3 Re8 32. Nd2 Qe1+ 33. Rxe1 Rxe1+ 34. Kg2 Rxf2+ 35. Kxf2 Re2+ 36. Kg1 Rxd2 37. Qe5+ Kh7 38. Qe8 1-0

[Event "Turkish Championship 2020"]
[Site "Kemer-Antalya"]
[Date "2020.11.20"]
[Round "8.3"]
[White "Yurtseven, Melih"]
[Black "Tarlabasi, Emirhan"]
[Result "1-0"]
[ECO "D36"]
[WhiteElo "2391"]
[BlackElo "2275"]
[Annotator "NA"]
[PlyCount "89"]
[EventDate "2020.11.13"]
[EventType "tourn"]
[EventCountry "TUR"]
[SourceTitle "playchess.com"]
[Source "ChessBase"]
[SourceQuality "1"]
[TimeControl "40/5400+30:1800+30"]

1. d4 d5 2. c4 e6 3. Nc3 Nf6 4. cxd5 exd5 5. Bg5 c6 6. e3 Be7 7. Bd3 Nbd7 8. Nge2 O-O 9. Qc2 Re8 10. O-O Nf8 11. Rab1 g6 12. Nf4 b6 13. b4 Bb7 14. Rfd1 Rc8 15. Qa4 Qd7 16. Bxf6 $14 ({But not} 16. Qxa7 $6 Ra8 $11) 16... Bxf6 17. Ba6 Bxa6 18. Qxa6 Ne6 19. Nce2 Bg5 20. Nd3 Bf6 21. Nef4 Bg7 22. Rbc1 g5 23. Nh5 f6 24. Rc2 Rc7 25. Rdc1 Rec8 26. h3 Qf7 27. g4 Bf8 28. Ng3 Qd7 29. Nf5 h5 30. Ng3 hxg4 31. hxg4 Ng7 32. b5 Bd6 33. bxc6 Qxg4 34. Qb5 Bxg3 35. Qxd5+ Kf8 36. fxg3 Qxg3+ 37. Kh1 Ne6 38. Rh2 Re7 39. Qf5 Rf7 40. Qxe6 Qf3+ 41. Kg1 Kg7 42. Rf1 Qxc6 43. Rh7+ Kxh7 44. Qxf7+ Kh8 45. Rxf6 1-0

[Event "Turkish Championship 2020"]
[Site "Kemer-Antalya"]
[Date "2020.11.20"]
[Round "8.4"]
[White "Haznedaroglu, Kivanc"]
[Black "Sevgi, Volkan"]
[Result "1/2-1/2"]
[ECO "A04"]
[WhiteElo "2437"]
[BlackElo "2359"]
[Annotator "NA"]
[PlyCount "93"]
[EventDate "2020.11.13"]
[EventType "tourn"]
[EventCountry "TUR"]
[SourceTitle "playchess.com"]
[Source "ChessBase"]
[SourceQuality "1"]
[TimeControl "40/5400+30:1800+30"]

1. Nf3 c5 2. g3 Nc6 3. Bg2 g6 4. d4 cxd4 5. Nxd4 Bg7 6. Nb3 d6 7. Nc3 Be6 8. Nd5 Rc8 9. c3 Qd7 10. h4 h6 11. Nf4 Bc4 12. Nd2 Ba6 13. Bh3 e6 14. Ne4 Rd8 15. Be3 Nf6 16. Nxf6+ Bxf6 $11 17. Qc2 Ne7 18. O-O Qc7 19. Rfd1 d5 20. Bxe6 fxe6 21. Nxe6 Qc6 22. Nxd8 Kxd8 23. Qd2 g5 24. hxg5 hxg5 25. Bxg5 Bxg5 26. Qxg5 Bxe2 27. Rd4 Bf3 28. Rh4 Rxh4 29. Qxh4 Qe6 30. Qf4 Qe4 31. Kh2 Qh7+ 32. Qh4 Qc2 33. g4 Qxb2 34. Re1 Be4 35. Qh8+ Kd7 36. Qd4 Nc6 37. Qg7+ Ne7 38. Kg3 Qd2 39. Re3 Qc1 40. Kf4 Qg1 41. f3 Qh2+ 42. Kg5 Qf2 43. Qd4 Nc6 44. Qg7+ Ne7 45. Qd4 Nc6 46. Qg7+ Ne7 47. Qd4 1/2-1/2

[Event "Turkish Championship 2020"]
[Site "Kemer-Antalya"]
[Date "2020.11.20"]
[Round "8.5"]
[White "Eren, Ataberk"]
[Black "Gokerkan, Cem Kaan"]
[Result "0-1"]
[ECO "D02"]
[WhiteElo "2321"]
[BlackElo "2461"]
[Annotator "ChessBase"]
[PlyCount "102"]
[EventDate "2020.11.13"]
[EventType "tourn"]
[EventCountry "TUR"]
[SourceTitle "playchess.com"]
[Source "ChessBase"]
[SourceQuality "1"]
[TimeControl "40/5400+30:1800+30"]

1. d4 Nf6 2. Nf3 e6 3. Bf4 d5 4. e3 Bd6 5. Bg3 O-O 6. Nbd2 c5 7. c3 Qc7 8. dxc5 Qxc5 9. Bd3 Nbd7 10. e4 dxe4 11. Bxe4 Bxg3 12. hxg3 Ne5 13. Nxe5 Qxe5 14. f4 Qc5 15. Qf3 Bd7 16. g4 Rfd8 17. O-O-O Ba4 18. Rde1 h6 19. g5 hxg5 20. Qh3 Kf8 21. Rhf1 gxf4 22. Qh8+ Ke7 23. Qxg7 Rxd2 24. Bg6 Be8 25. Bxf7 Bxf7 26. Rxf4 Rd1+ 27. Kxd1 Qh5+ 28. Kc1 Qg6 29. Qxg6 Bxg6 30. g4 Rg8 31. Ra4 Ra8 32. Rb4 b6 33. a4 Rf8 34. Rd4 Rh8 35. a5 Rh2 36. Rd2 Rh4 37. Rde2 Bf7 38. g5 Nd5 39. axb6 axb6 40. Rd2 Nf4 41. Red1 Be8 42. b3 Rg4 43. Ra2 Rxg5 44. Ra7+ Kf6 45. Rd8 Bg6 46. Rb7 Rg2 47. Rd2 Nd3+ 48. Kd1 Rg1+ 49. Ke2 Re1+ 50. Kf3 Be4+ 51. Kg4 Ne5+ 0-1